 Dungeon Crawl Stone Soup version 0.31-a0-844-gdc52ec4e09 (webtiles) character file.

Game seed: 5830573910964029872

896 Kusto the Magician (level 7, -3/49 HPs)
             Began as a Mummy Summoner on Sept 28, 2023.
             Killed from afar by an orc priest (15 damage)
             ... with a bolt of acid
             ... on level 5 of the Dungeon.
             The game lasted 01:46:36 (6199 turns).

Kusto the Magician (Mummy Summoner)                 Turns: 6199, Time: 01:46:37

Health: -3/49      AC:  4    Str: 11    XL:     7   Next: 79%
Magic:  16/17      EV: 12    Int: 14    God:
Gold:   273        SH:  0    Dex: 15    Spells: 16/19 levels left

rFire   . . .        d - +1 spear (heavy)
rCold   + . .        (no shield)
rNeg    + + +        a - +0 robe
rPois   ∞            (no helmet)
rElec   .            j - +0 cloak
rCorr   .            f - +0 pair of gloves
SInv    .            (no boots)
Will    +....        (no amulet)
Stlth   ++           m - +4 ring of protection
HPRegen 0.28/turn    n - ring "Vuoreede" {rF+ Will+}
MPRegen 0.15/turn

%: faith
@: corroded
A: cold resistance 1, negative energy resistance 3, torment resistance 2, heat
vulnerability 1, in touch with death 1, no potions, faith
a: no special abilities


You were on level 5 of the Dungeon.
You visited 1 branch of the dungeon, and saw 5 of its levels.

You collected 273 gold pieces.

Inventory:

Hand Weapons
 d - a +1 heavy spear (weapon)
 i - a +2 quarterstaff of chaos
 k - a +0 rapier
Missiles
 c - 41 stones
 e - 7 poisoned darts
 h - 5 boomerangs
 l - a throwing net
Armour
 a - a +0 robe (worn)
 b - a +0 ring mail
 f - a +0 pair of gloves (worn)
 j - a +0 cloak (worn)
Jewellery
 m - a +4 ring of protection (left hand)
 n - the ring "Vuoreede" (right hand) {rF+ Will+}
   (You acquired it on level 5 of the Dungeon)

   [ring of willpower]

   rF+:       It protects you from fire.
   Will+:     It increases your willpower.
Wands
 g - a wand of flame (21)
Scrolls
 o - 2 scrolls of teleportation
 p - a scroll of immolation
 q - a scroll of noise {unknown}
 r - a scroll of fog {unknown}


   Skills:
 + Level 1.9 Fighting
 + Level 2.6 Polearms
 + Level 2.1 Dodging
 + Level 3.2 Stealth
 + Level 6.6 Spellcasting
 + Level 5.0 Summonings
 + Level 0.1 Evocations


You had 16 spell levels left.
You knew the following spells:

 Your Spells              Type           Power      Damage    Failure   Level
a - Summon Small Mammal   Summ           72%        N/A       1%          1
b - Call Imp              Summ           36%        N/A       2%          2

Your spell library contained the following spells:

 Spells                   Type           Power      Damage    Failure   Level
 Call Canine Familiar     Summ           18%        N/A       5%          3
 Summon Guardian Golem    Hex/Summ       11%        N/A       16%         3
 Passwall                 Tmut/Erth      3%         N/A       22%         2
 Summon Lightning Spire   Summ/Air       11%        N/A       45%         4
 Death Channel            Necr           3%         N/A       100%        6
 Infestation              Necr           3%         N/A       100%        8


Dungeon Overview and Level Annotations

Branches:
Dungeon (5/15)
 Temple: D:4-7

Altars:

Annotations:
D:4 3 runed translucent doors, sanka's ghost, amateur OpSh
D:5 Pikel


Innate Abilities, Weirdness & Mutations

You are immune to poison.
Your flesh is cold resistant. (rC+)
You are immune to negative energy. (rN+++)
You are immune to unholy pain and torment.
You are vulnerable to heat. (rF-)
You are in touch with the powers of death.
You do not drink.
You have a special connection with the divine. (Faith)


Message History

Your cerulean imp hits the orc priest with a -3 spear.
The orc priest hits your cerulean imp with a +0 club.
Your cerulean imp closely misses the orc priest.
Reach: d) +1 spear (heavy)
Press: ? - help, Dir - move target, f/p - orc priest
Aim: an orc priest, wielding a +0 club, wearing a +0 ring mail and carrying a wand of acid (moderately wounded, ally target, about 34% to evade your +1 heavy spear)
You could not reach far enough!
The orc priest zaps a wand.
The bolt of acid misses your cerulean imp.
The bolt of acid hits you!
Your cerulean imp hits the orc priest but does no damage.
The orc priest barely misses your cerulean imp.
Reach: d) +1 spear (heavy)
Press: ? - help, Dir - move target, f/p - orc priest
Aim: an orc priest, wielding a +0 club, wearing a +0 ring mail and carrying a wand of acid (moderately wounded, ally target, about 34% to evade your +1 heavy spear)
You reach to attack!
You completely miss the orc priest.
The orc priest is moderately wounded.
Your cerulean imp hits the orc priest but does no damage.
The orc priest hits your cerulean imp with a +0 club.
Your cerulean imp dies!
Your cerulean imp disappears in a puff of smoke!
Casting: Call Imp (safe; 2% risk of failure)
Confirm with . or Enter, or press ? or * to list all spells.
A tiny devil pulls itself out of the air.
You swap places.
The orc priest completely misses you.
Your cerulean imp hits the orc priest but does no damage.
The orc priest hits you but does no damage.
Your cerulean imp barely misses the orc priest.
Your cerulean imp hits the orc priest but does no damage.
Things that are here:
a +0 club; a +0 ring mail; a +0 buckler The orc priest attacks as it pursues you!
The orc priest hits you but does no damage.
The orc priest attacks as it pursues you!
The orc priest hits you but does no damage.
Your cerulean imp hits the orc priest but does no damage.
The orc priest zaps a wand.
The bolt of acid hits you!
* * * LOW HITPOINT WARNING * * *
The acid corrodes you!
The orc priest zaps a wand.
The bolt of acid hits you!
You die...

## ### #. ##.########
#. #.#.......# #.
##.######.# #. #.#
#.###. #######.# #.##..
#.@.....# #.....
#.###############.. #.#
#.......# ##. ####o#
#.......# #.
##...5#####.......####.
#.......5..>.........#.
#......................
#...g.#####.......##.##
##....# #.......##.#


You could see a gnoll sergeant, an orc priest (ally target) and a friendly
cerulean imp (summoned).

Vanquished Creatures
  3 ogres
  A phantom (D:4)
  A scorpion (D:5)
  A hound (D:4)
  Crazy Yiuf (D:2)
  A sleepcap (D:4)
  Jessica (D:2)
  2 iguanas
  An orc wizard (D:4)
  A gnoll (D:3)
  An ufetubus (D:4)
  A worm (D:4)
  A dart slug (D:3)
  6 orcs
  6 bats
  5 endoplasms
  3 giant cockroaches
  5 goblins
  7 hobgoblins
  2 jackals
  2 kobolds
  2 quokkas (D:2)
  2 ball pythons
  A frilled lizard (D:2)
  3 rats
60 creatures vanquished.

Vanquished Creatures (collateral kills)
  A kobold brigand (D:4)
  An iguana (D:4)
  Ijyb (D:4)
  7 gnolls
  2 adders
  3 orcs
  2 endoplasms (D:1)
  4 giant cockroaches
  3 hobgoblins (D:1)
  4 jackals
  3 kobolds
  4 quokkas
  4 ball pythons
  5 bats
44 creatures vanquished.

Grand Total: 104 creatures vanquished

Notes
Turn   | Place    | Note
-------+----------+-------------------------------------------
     0 | D:1      | Kusto the Mummy Summoner began the quest for the Orb.
     0 | D:1      | Reached XP level 1. HP: 13/13 MP: 4/4
   313 | D:1      | Reached skill level 3 in Spellcasting
   333 | D:1      | Reached XP level 2. HP: 8/20 MP: 4/6
   416 | D:1      | Learned a level 2 spell: Call Imp
   784 | D:1      | Reached XP level 3. HP: 25/25 MP: 5/7
  1963 | D:2      | Found a runed translucent door.
  1964 | D:2      | Noticed Crazy Yiuf
  1997 | D:2      | Killed Crazy Yiuf
  1998 | D:2      | Reached skill level 1 in Fighting
  1998 | D:2      | Reached XP level 4. HP: 3/32 MP: 0/9
  2292 | D:2      | Noticed Jessica
  2311 | D:2      | Killed Jessica
  2312 | D:2      | Reached skill level 1 in Polearms
  2610 | D:3      | Reached XP level 5. HP: 29/37 MP: 8/10
  2849 | D:3      | Reached skill level 4 in Spellcasting
  4032 | D:4      | Reached XP level 6. HP: 43/43 MP: 8/12
  4137 | D:4      | Reached skill level 5 in Spellcasting
  4139 | D:4      | Reached XP level 7. HP: 49/49 MP: 10/15
  4304 | D:4      | Noticed Ijyb
  4323 | D:4      | Killed Ijyb
  4601 | D:4      | Found a runed translucent gate.
  4602 | D:4      | Found a runed translucent gate.
  4602 | D:4      | Found a runed translucent gate.
  4789 | D:4      | Noticed sanka's ghost (amateur OpSh)
  4828 | D:5      | Entered Level 5 of the Dungeon
  4861 | D:5      | Got an unusual book
  4873 | D:5      | Reached skill level 6 in Spellcasting
  4873 | D:5      | Reached skill level 5 in Summonings
  5093 | D:5      | Identified a scroll of acquirement
  5094 | D:5      | Acquired the ring "Vuoreede" {rF+ Will+}
  5701 | D:5      | Noticed Pikel
  5771 | D:5      | Noticed a shadow
  6199 | D:5      | Killed from afar by an orc priest

Illustrated notes

Levels and vault maps discovered:
D:1:      dpeg_arrival_snail, layout_basic, minmay_misc_feat_rows, minivault_27,
          hangedman_abyss_or_decor_stabs
D:2:      layout_loops_ring, patterned_corridor, uniq_jessica,
          uniq_crazy_yiuf_cottage
D:3:      layout_basic
D:4:      layout_rooms, gammafunk_ghost_necromancy, minmay_misc_feat_tower,
          grunt_ministairs_8, corexii_hall_statues_i, minmay_bisected, uniq_ijyb
D:5:      layout_loops_ring, uniq_pikel

Skill      XL: |  1  2  3  4  5  6  7 |
---------------+----------------------+-----
Spellcasting   | 3 4 5 6 |  6.6
Fighting       | 1 |  1.9
Stealth        | 2 3 |  3.2
Polearms       | 1 2 |  2.6
Summonings     | 4 5 |  5.0
Dodging        | 2 |  2.1
Evocations     | |  0.1

Action                     |  1- 3 |  4- 6 |  7- 9 || total
---------------------------+-------+-------+-------++-------
  Melee: Unarmed           |    47 |       |       ||    47
         Spear             |    82 |   123 |    58 ||   263
   Cast: Summon Small Mamm |    13 |       |       ||    13
         Call Imp          |    21 |    34 |    25 ||    80
  Evoke: Wand              |       |     3 |     1 ||     4
    Use: Scroll            |       |     4 |     7 ||    11
   Stab: Sleeping          |     6 |     2 |     3 ||    11
         Distracted        |     3 |     2 |     1 ||     6
         Paralysed         |       |       |     1 ||     1
 Armour: Robe              |    53 |    58 |    40 ||   151
  Dodge: Dodged            |    83 |    49 |    27 ||   159

Table legend: (Time is in decaauts)
 A = Elapsed time spent in this place.
 B = Non-inter-level travel time spent in this place.
 C = Inter-level travel time spent in this place.
 D = Time resting spent in this place.
 E = Time spent auto-exploring this place.
 F = Levels seen in this place.
 G = Mean time per level.
                   A        B        C        D        E       F      G
               +--------+--------+--------+--------+--------+-----+--------+
         Total |   6278 |   6278 |      0 |    957 |      0 |   5 | 1255.6 |
       Dungeon |   6278 |   6278 |      0 |    957 |      0 |   5 | 1255.6 |
               +--------+--------+--------+--------+--------+-----+--------+

Top non-repeatable levels by time:
     D:1: 1401 daAuts
     D:4: 1393 daAuts
     D:2: 1209 daAuts
     D:3: 1206 daAuts
     D:5: 1067 daAuts
